 Dungeon Crawl Stone Soup version 0.27.1-34-g3ba077fa99 (webtiles) character file.

Game seed: 4558450347317093291

7885 pkoi the Destroyer (level 11, -3/118 HPs)
             Began as a Red Draconian Conjurer on Jan 24, 2022.
             Was a Believer of Vehumet.
             Slain by a killer bee (5 damage)
             ... on level 10 of the Dungeon.
             The game lasted 00:19:24 (16240 turns).

pkoi the Destroyer (Red Draconian Conjurer)        Turns: 16240, Time: 00:19:25

Health: -3/118     AC: 25    Str: 10    XL:     11   Next: 2%
Magic:  20/20      EV:  2    Int: 22    God:    Vehumet [**....]
Gold:   470        SH:  0    Dex:  9    Spells: 16/22 levels left

rFire    . . .     SeeInvis .   b - +3 mace (protect)
rCold    + . .     Faith    .   (no shield)
rNeg     + + +     Spirit   .   (armour unavailable)
rPois    +         Reflect  .   (helmet currently unavailable)
rElec    .         Harm     .   (cloak currently unavailable)
rCorr    .         Rampage  .   (gloves currently unavailable)
Will     .....     NoTele   +   (boots currently unavailable)
Stlth    ++........             s - amulet of the acrobat
HPRegen  0.29/turn              i - ring of protection from cold
MPRegen  0.17/turn              (no ring)

@: tree-form
A: stationary, stasis, torment immunity, boosted hp, (breathe fire), AC +7,
unfitting armour, (fire resistance 1), (cold-blooded)
a: Renounce Religion


You were on level 10 of the Dungeon.
You worshipped Vehumet.
Vehumet was pleased with you.
You were a tree.
You visited 2 branches of the dungeon, and saw 11 of its levels.

You collected 480 gold pieces.
You spent 10 gold pieces at shops.

Inventory:

Hand Weapons
 b - a +3 mace of protection (weapon)
 j - a +2 whip of electrocution
 n - a +0 quarterstaff
Missiles
 a - 51 poisoned darts
 l - a curare-tipped dart
 x - 2 throwing nets
Armour
 y - a +0 pair of boots (melded)
Jewellery
 i - a ring of protection from cold (left branch)
 p - an amulet of faith
 s - an amulet of the acrobat (around neck)
Wands
 c - a wand of iceblast (6)
 g - a wand of paralysis (12)
 h - a wand of mindburst (9)
 o - a wand of polymorph (15)
 t - a wand of acid (17)
Scrolls
 k - a scroll of teleportation
 A - a scroll of enchant armour
Potions
 d - a potion of lignification
 e - 3 potions of might
 f - 5 potions of curing
 m - a potion of heal wounds
 q - a potion of invisibility
 r - 2 potions of berserk rage
 u - a potion of cancellation
 v - a potion of brilliance
 w - a potion of flight
 z - a potion of haste


   Skills:
 - Level 2.0 Fighting
 - Level 1.7 Staves
 - Level 2.5 Dodging
 - Level 1.7 Stealth
 - Level 6.0 Spellcasting
 * Level 14.6 Conjurations
 + Level 3.6 Hexes


You had 16 spell levels left.
You knew the following spells:

 Your Spells              Type           Power      Damage    Failure   Level
a - Magic Dart            Conj           100%       1d8       1%          1
b - Searing Ray           Conj           100%       3d7       1%          2
c - Dazzling Flash        Conj/Hex       92%        N/A       1%          3

Your spell library contained the following spells:

 Spells                   Type           Power      Damage    Failure   Level
 Poisonous Vapours        Pois/Air       12%        N/A       14%         2
 Corona                   Hex            24%        N/A       1%          1
 Fulminant Prism          Conj/Hex       23%        3d13      2%          4
 Slow                     Hex            22%        N/A       3%          2
 Iskenderun's Mystic Bla  Conj/Tloc      38%        2d9       4%          4
 Confusing Touch          Hex            22%        N/A       6%          3
 Animate Skeleton         Necr           12%        N/A       9%          1
 Apportation              Tloc           12%        N/A       9%          1
 Summon Small Mammal      Summ           24%        N/A       9%          1
 Corpse Rot               Necr/Air       N/A        N/A       14%         2
 Dispel Undead            Necr           6%         3d8       65%         4
 Yara's Violent Unravell  Hex/Tmut       7%         3d5       77%         5
 Death Channel            Necr           3%         N/A       100%        6


Dungeon Overview and Level Annotations

Branches:
Dungeon (10/15)            Temple (1/1) D:6            Lair (0/6) D:8
    Orc (0/2) D:10

Altars:
Ashenzari
Cheibriados
Dithmenos
Elyvilon
Fedhas
Gozag
Hepliaklqana
Kikubaaqudgha
Makhleb
Nemelex Xobeh
Okawaru
Qazlal
Ru
Sif Muna
Trog
Uskayaw
Vehumet
Wu Jian
Xom
Yredelemnul
Zin
The Shining One

Shops:
D:3 *


Innate Abilities, Weirdness & Mutations

You are a tree.
Your roots penetrate the ground, keeping you stationary.
You cannot be teleported.
You are immune to unholy pain and torment.
Your maximum health is greatly increased.
Your equipment is partially melded.
((You can breathe blasts of fire.))
((Your fiery red scales are hard. (AC +7)))
You cannot fit into any form of body armour.
((Your flesh is heat resistant. (rF+)))
((You are cold-blooded and may be slowed by cold attacks.))


Message History

The killer bee stings you but does no damage. x3
Unknown command.
Unknown command.
Unknown command.
You thump the killer bee!
Your weapon exudes an aura of protection.
The killer bee is almost dead.
The killer bee stings you but does no damage. x6
Unknown command.
You closely miss the killer bee.
The killer bee is almost dead.
The killer bee barely misses you.
The killer bee stings you but does no damage.
The killer bee stings you.
* * * LOW HITPOINT WARNING * * *
The killer bee stings you.
* * * LOW HITPOINT WARNING * * *
The killer bee stings you but does no damage.
The killer bee barely misses you.
Unknown command.
You miss the killer bee.
The killer bee is almost dead.
The killer bee stings you but does no damage. x4
Unknown command.
You miss the killer bee.
The killer bee is almost dead.
You have got your breath back.
The killer bee completely misses you. The killer bee stings you.
* * * LOW HITPOINT WARNING * * *
The killer bee stings you.
* * * LOW HITPOINT WARNING * * *
The killer bee stings you but does no damage. x3
You barely miss the killer bee.
The killer bee is almost dead.
The killer bee stings you but does no damage.
The killer bee barely misses you. The killer bee stings you.
* * * LOW HITPOINT WARNING * * *
The killer bee stings you but does no damage. x2
The killer bee stings you.
You die...

#....Y#...... #......#
#....
#.....############.####.+
#.... #..#..# #......#
#.# #..## #..#..#
#...#..# #.# #....
#..#..# #...#..## #.#
+.... #.....##
###...........+ #####
#..?..)# #.....######
#####... #......# #...y°#
#....... #....)Y# #...#♣#
#..##### #..)...# #...#y#
#..##### #......# #....†#
#....... #.(.##.# ##y####
#.......
#.)...)#####.....y..
#####...
#...)......#..yy.y.. #...
#.......##.#.....y.. ####
#.....Y....#........
#..........#########


You could see 2 killer bees.

Vanquished Creatures
  Harold (D:10)
  A centaur warrior (D:9)
  Pikel (D:7)
  Joseph (D:8)
  Maggie (D:7)
  A troll (D:10)
  Sigmund (D:3)
  5 yaks
  A water moccasin (D:7)
  4 orc warriors
  2 ice beasts
  A sky beast (D:5)
  2 hornet zombies
  A black bear (D:7)
  2 necrophages
  4 ogres
  3 centaurs
  3 kobold brigands (D:10)
  3 scorpions (D:5)
  3 bullfrogs
  A gnoll sergeant (D:10)
  A wyvern zombie (D:8)
  A water moccasin zombie (D:6)
  14 killer bees
  8 wights
  An electric eel (D:7)
  A howler monkey (D:5)
  A centaur zombie (D:9)
  3 hounds
  2 bullfrog zombies (D:5)
  A gnoll shaman (D:7)
  2 orc priests
  A bullfrog skeleton (D:6)
  2 jellies
  Terence (D:1)
  Jessica (D:2)
  Ijyb (D:5)
  An iguana (D:6)
  3 orc wizards
  A killer bee zombie (D:6)
  2 hound zombies (D:5)
  A hound skeleton (D:4)
  Robin (D:3)
  12 gnolls
  5 adders
  2 shadow imps
  2 white imps (D:4)
  The ghost of cbfl8 the Sneak, a weakling MiDe (D:5)
  6 dart slugs
  15 orcs
  5 ball pythons
  4 bats (D:1)
  7 endoplasms
  2 giant cockroaches
  13 goblins
  14 hobgoblins
  23 kobolds
  A quokka (D:4)
  4 frilled lizards (D:1)
  3 rats
211 creatures vanquished.

Vanquished Creatures (others)
  A fungus (D:1)
1 creature vanquished.

Grand Total: 212 creatures vanquished

Notes
Turn   | Place    | Note
-------+----------+-------------------------------------------
     0 | D:1      | pkoi the Draconian Conjurer began the quest for the Orb.
     0 | D:1      | Reached XP level 1. HP: 14/14 MP: 3/3
   379 | D:1      | Reached XP level 2. HP: 13/20 MP: 1/5
   968 | D:1      | Found a faded altar of an unknown god.
  1874 | D:2      | Noticed Terence
  1879 | D:2      | Noticed Jessica
  1890 | D:1      | Killed Terence
  1891 | D:1      | Reached skill level 5 in Conjurations
  1891 | D:1      | Reached XP level 3. HP: 21/26 MP: 1/6
  1974 | D:2      | Learned a level 2 spell: Searing Ray
  1975 | D:2      | Killed Jessica
  1976 | D:2      | Reached XP level 4. HP: 33/33 MP: 4/7
  2783 | D:3      | Noticed Sigmund
  2830 | D:3      | Noticed Robin
  3167 | D:3      | Killed Robin
  3168 | D:3      | Reached XP level 5. HP: 38/38 MP: 5/9
  3546 | D:3      | Killed Sigmund
  3547 | D:3      | Reached skill level 6 in Conjurations
  3547 | D:3      | Reached XP level 6. HP: 32/45 MP: 0/11
  4535 | D:3      | Found Ipodefuose's General Store.
  4551 | D:3      | Bought a potion of degeneration for 10 gold pieces
  5017 | D:4      | Reached skill level 7 in Conjurations
  5115 | D:4      | Identified the +2 hand crossbow "Kyangojo" {elec, rC- Str+3
                  | Int+2}
  5620 | D:4      | Your scales start taking on a fiery red colour.
  5620 | D:4      | Reached XP level 7. HP: 30/50 MP: 2/13
  5620 | D:4      | Gained mutation: Your flesh is heat resistant. (rF+) [Red
                  | Draconian growth]
  6633 | D:5      | Entered Level 5 of the Dungeon
  6645 | D:5      | Reached skill level 8 in Conjurations
  6710 | D:5      | Noticed Ijyb
  6723 | D:5      | Killed Ijyb
  7251 | D:5      | Reached skill level 5 in Spellcasting
  7257 | D:5      | Reached XP level 8. HP: 39/57 MP: 4/15
  7296 | D:5      | Reached skill level 9 in Conjurations
  7398 | D:5      | You fall into a shaft and drop 1 floor!
  7864 | D:5      | Found a runed translucent gate.
  7864 | D:5      | Found a runed translucent gate.
  7864 | D:5      | Found a runed translucent gate.
  8253 | D:5      | Noticed cbfl8's ghost (weakling MiDe)
  8263 | D:5      | Killed cbfl8's ghost
  8760 | D:6      | Reached skill level 10 in Conjurations
  8802 | D:6      | Found a staircase to the Ecumenical Temple.
  8811 | Temple   | Entered the Ecumenical Temple
  8979 | Temple   | Became a worshipper of Vehumet
  9574 | D:6      | Found a shimmering altar of Xom.
 10324 | D:7      | Noticed Maggie
 10329 | D:7      | Killed Maggie
 10330 | D:7      | Reached skill level 11 in Conjurations
 10330 | D:7      | Reached XP level 9. HP: 62/62 MP: 12/18
 11124 | D:7      | Reached skill level 12 in Conjurations
 11208 | D:7      | Reached * piety under Vehumet
 11208 | D:7      | Offered knowledge of Freeze by Vehumet.
 11400 | D:7      | Noticed Pikel
 11411 | D:7      | Killed Pikel
 11654 | D:6      | Identified the +3 long sword of the Valley {antimagic,
                  | rCorr Str+6 Dex-2 Stlth+}
 12484 | D:8      | Reached skill level 13 in Conjurations
 12969 | D:8      | Reached XP level 10. HP: 67/69 MP: 19/19
 13009 | D:8      | Noticed Joseph
 13018 | D:8      | Killed Joseph
 13348 | D:8      | Reached skill level 1 in Fighting
 13639 | D:8      | Reached skill level 1 in Staves
 13654 | D:8      | Noticed a two-headed ogre
 14018 | D:8      | Learned a level 3 spell: Dazzling Flash
 14185 | D:8      | Found a staircase to the Lair.
 14273 | D:9      | Noticed a centaur warrior
 14278 | D:9      | Killed a centaur warrior
 14279 | D:9      | Reached skill level 1 in Hexes
 14843 | D:9      | Reached skill level 14 in Conjurations
 15154 | D:10     | Entered Level 10 of the Dungeon
 15591 | D:10     | Noticed Harold
 15599 | D:10     | Killed Harold
 15796 | D:10     | Found a staircase to the Orcish Mines.
 15953 | D:10     | Reached ** piety under Vehumet
 15955 | D:10     | Offered knowledge of Poisonous Vapours by Vehumet.
 16171 | D:10     | Reached XP level 11. HP: 79/79 MP: 15/20
 16240 | D:10     | HP: 2/118 [killer bee (4)]
 16240 | D:10     | Slain by a killer bee

Illustrated notes

Levels and vault maps discovered:
D:1:      minmay_arrival_up_and_down, layout_basic,
          dreamdust_ecumenical_altar_hidden_monk_grotto
D:2:      layout_basic, serial_bayou_pond_e, uniq_terence, uniq_jessica
D:3:      layout_loops_corners, serial_shops, nicolae_shop_trees,
          kennysheep_generic_room_4, uniq_robin, uniq_sigmund
D:4:      layout_basic, minmay_door_square
D:5:      layout_basic, ebering_ghost_rock_garden, uniq_ijyb
D:6:      layout_loops_cross, amcnicky_altar_gilded, minmay_temple_entry_waves
D:7:      statuecave_lemuel, layout_cave_pods, uniq_maggie, uniq_pikel
D:8:      layout_basic, lair_entry_dummy, kennysheep_generic_room_15,
          uniq_joseph
D:9:      layout_roguey, dk_vineyard_3
D:10:     layout_stronghold, kennysheep_orc_monster_closet_entryway, uniq_harold
Temple:   minmay_crystal_snake_temple

Skill      XL: |  1  2  3  4  5  6  7  8  9 10 |
---------------+-------------------------------+-----
Conjurations   | 5 6 7 8 11 13 14 | 14.6
Spellcasting   | 3 4 5 6 |  6.0
Dodging        | 2 |  2.5
Fighting       | 2 |  2.0
Staves         | 1 |  1.7
Hexes          | 3 |  3.6
Stealth        | |  1.7

Action                   |  1- 3 |  4- 6 |  7- 9 | 10-12 || total
-------------------------+-------+-------+-------+-------++-------
Melee: Mace              |    19 |    28 |    79 |    52 ||   178
       Tailslap          |     1 |     1 |     4 |     3 ||     9
 Cast: Magic Dart        |    45 |    65 |    72 |    12 ||   194
       Searing Ray       |       |    11 |    36 |    26 ||    73
 Abil: Breathe Fire      |       |       |    15 |     8 ||    23
  Use: Scroll            |       |     5 |     6 |     6 ||    17
       Potion            |       |     3 |       |     3 ||     6
 Stab: Sleeping          |       |     1 |       |       ||     1
Armor: Skin              |     8 |    23 |    57 |    65 ||   153
Dodge: Dodged            |    28 |    34 |   122 |   160 ||   344
